 Dungeon Crawl Stone Soup version 0.31-a0-986-g5e6e4ef867 (webtiles) character file.

Game seed: 14552246305605421064

482 timneilson the Shield-Bearer (level 7, -4/43 HPs)
             Began as a Gargoyle Fighter on Nov 3, 2023.
             Splashed by a jelly's acid (9 damage)
             ... on level 4 of the Dungeon.
             The game lasted 00:06:22 (2834 turns).

timneilson the Shield-Bearer (Gargoyle Fighter)     Turns: 2834, Time: 00:06:24

Health: -4/43      AC:  2    Str: 19    XL:     7   Next: 12%
Magic:  7/7        EV:  9    Int:  9    God:
Gold:   279        SH:  6    Dex: 11    Spells: 6/6 levels left

rFire   . . .        a - +0 long sword
rCold   . . .        c - +1 buckler
rNeg    + . .        b - +0 scale mail
rPois   ∞            n - +0 helmet
rElec   +            (no cloak)
rCorr   .            e - +0 pair of gloves
SInv    .            (no boots)
Will    .....        (no amulet) Stlth
                     (no ring)
HPRegen 0.27/turn    (no ring)
MPRegen 0.10/turn

%: no passive effects
@: corroded
A: sickness immunity, AC +4, negative energy resistance 1, electricity
resistance, torment resistance 1, petrification resistance
a: no special abilities


You were on level 4 of the Dungeon.
You visited 1 branch of the dungeon, and saw 4 of its levels.

You collected 279 gold pieces.

Inventory:

Hand Weapons
 a - a +0 long sword (weapon)
Armour
 b - a +0 scale mail (worn)
 c - a +1 buckler (worn)
 e - a +0 pair of gloves (worn)
 n - a +0 helmet (worn)
Jewellery
 i - a ring of fire
Scrolls
 l - a scroll of torment {unknown}
 r - a scroll of identify
Potions
 d - 2 potions of might
 f - 3 potions of lignification
 g - a potion of curing
 h - 3 potions of attraction
 j - 3 potions of enlightenment
 k - a potion of haste {unknown}
 m - a potion of heal wounds {unknown}
 o - a potion of berserk rage {unknown}
 p - a potion of ambrosia {unknown}
 q - a potion of brilliance {unknown}


   Skills:
 + Level 4.3 Fighting
 * Level 3.6 Long Blades
 * Level 5.1 Armour
 + Level 1.7 Dodging
 * Level 5.2 Shields


You had 6 spell levels left.
You didn't know any spells.
Your spell library contained the following spells:

 Spells                   Type           Power      Damage    Failure   Level
 Summon Guardian Golem    Hex/Summ       0%         N/A       99%         3
 Orb of Destruction       Conj           0%         9d5       100%        7
 Spellforged Servitor     Conj/Summ      0%         N/A       100%        7


Dungeon Overview and Level Annotations

Branches:
Dungeon (4/15)
 Temple: D:4-7

Altars:
Ashenzari
Okawaru
Trog
Uskayaw

Annotations:
D:3 1 runed translucent door


Innate Abilities, Weirdness & Mutations

You are immune to sickness and miasma.
Your stone body is resilient. (AC +4)
You are immune to poison.
You resist negative energy. (rN+)
You are resistant to electric shocks. (rElec)
You are resistant to unholy torment.
You are immune to petrification.


Message History

The adder bites you but does no damage.
You hit the adder.
The adder is lightly wounded.
The adder barely misses you.
You miss the adder.
The adder is lightly wounded.
The adder bites you but does no damage. x2
You slash the adder!
You kill the adder!
You barely miss the jelly. The jelly hits you but does no damage.
You slash the jelly! The acid corrodes you!
Your hands burn!
The jelly is heavily wounded.
You block the jelly's attack. The jelly hits you but does no damage.
You hit the jelly but do no damage.
Your hands burn!
The jelly is heavily wounded.
The jelly barely misses you.
You completely miss the jelly.
The jelly is heavily wounded.
The jelly hits you but does no damage.
You hit the jelly but do no damage.
Your hands burn!
The jelly is heavily wounded.
The jelly hits you but does no damage.
You hit the jelly but do no damage. The acid corrodes you!
Your hands burn!
The jelly is heavily wounded.
The jelly jiggles.
The jelly closely misses you. The jelly hits you but does no damage.
You barely miss the jelly.
The jelly is heavily wounded.
You block the jelly's attack.
You hit the jelly but do no damage.
Your hands burn!
* * * LOW HITPOINT WARNING * * *
The jelly is heavily wounded.
The jelly barely misses you.
You hit the jelly but do no damage. The acid corrodes you!
Your hands burn!
* * * LOW HITPOINT WARNING * * *
The jelly is heavily wounded.
The jelly hits you.
* * * LOW HITPOINT WARNING * * *
You are splashed with acid!
You die...

.....####..#
##.#.##....#
)##.#....##.#
...##.####.# .
###.##.?.#..#
#.##..........##
...##.#.#.###
#.#####.##.#...#
#...@JKg......##
########.#..#......
#.[.#######. #####


You could see a jelly, a goblin and a kobold.

Vanquished Creatures
  A phantom (D:3)
  A howler monkey (D:4)
  An orc priest (D:4)
  A hound (D:4)
  A gnoll bouda (D:4)
  An iguana (D:4)
  An orc wizard (D:4)
  Robin (D:4)
  7 gnolls
  6 adders
  A worm (D:3)
  A dart slug (D:1)
  An orc (D:4)
  3 ball pythons
  7 endoplasms
  4 giant cockroaches
  13 goblins
  12 hobgoblins
  6 jackals
  10 kobolds
  5 quokkas
  3 bats
  2 frilled lizards (D:2)
  4 rats (D:1)
93 creatures vanquished.

Notes
Turn   | Place    | Note
-------+----------+-------------------------------------------
     0 | D:1      | timneilson the Gargoyle Fighter began the quest for the
                  | Orb.
     0 | D:1      | Reached XP level 1. HP: 14/14 MP: 1/1
    65 | D:1      | Reached XP level 2. HP: 19/19 MP: 2/2
   365 | D:1      | Reached XP level 3. HP: 22/23 MP: 3/3
   747 | D:2      | Found a hide-covered altar of Uskayaw.
   764 | D:2      | Reached XP level 4. HP: 26/28 MP: 4/4
  1434 | D:2      | Reached skill level 1 in Dodging
  1434 | D:2      | Reached XP level 5. HP: 33/33 MP: 5/5
  1525 | D:3      | Noticed a phantom
  1566 | D:3      | Killed a phantom
  1631 | D:3      | Found an iron altar of Okawaru.
  1631 | D:3      | Found a runed translucent door.
  1637 | D:3      | Found the +0 toga "Victory" {*Victory Clar}
  1690 | D:3      | Found a broken altar of Ashenzari.
  2448 | D:4      | Reached XP level 6. HP: 32/38 MP: 6/6
  2484 | D:4      | Noticed Robin
  2514 | D:4      | Killed Robin
  2543 | D:4      | Found a bloodstained altar of Trog.
  2723 | D:4      | Reached skill level 5 in Shields
  2788 | D:4      | Reached skill level 5 in Armour
  2788 | D:4      | Reached XP level 7. HP: 23/43 MP: 7/7
  2834 | D:4      | Splashed by a jelly's acid

Illustrated notes

Levels and vault maps discovered:
D:1:      elethiomel_arrival_fortress_basement, layout_rooms,
          minmay_misc_feat_enclosed, nicolae_figureground_sparkle
D:2:      layout_loops_ring, basic_altar
D:3:      layout_basic, nicolae_overflow_guarded_unrand_okawaru_victory,
          ashenzari_conservatory_becter
D:4:      layout_loops_ring, kennysheep_little_box, portal_sewer_entry_e,
          nicolae_letterblocks [nicolae_letter_subblock,
          nicolae_letter_subblock, nicolae_letter_subblock,
          nicolae_letter_subblock, nicolae_letter_subblock,
          nicolae_letter_subblock, nicolae_letter_subblock,
          nicolae_letter_subblock, nicolae_letter_subblock,
          nicolae_letter_subblock, nicolae_letter_subblock,
          nicolae_letter_subblock, nicolae_letter_subblock,
          nicolae_letter_subblock, nicolae_letter_subblock,
          nicolae_letter_subblock, nicolae_letter_subblock,
          nicolae_letter_subblock, nicolae_letter_subblock,
          nicolae_letter_subblock, nicolae_letter_subblock,
          nicolae_letter_subblock, nicolae_letter_subblock,
          nicolae_letter_subblock, nicolae_letter_subblock], uniq_robin

Skill      XL: |  1  2  3  4  5  6 |
---------------+-------------------+-----
Long Blades    | 2 3 |  3.6
Armour         | 4 5 |  5.1
Shields        | 4 5 |  5.2
Dodging        | 1 |  1.7
Fighting       | 4 |  4.3

Action                     |  1- 3 |  4- 6 |  7- 9 || total
---------------------------+-------+-------+-------++-------
  Melee: Long sword        |   107 |   295 |    20 ||   422
    Use: Scroll            |     2 |     8 |       ||    10
         Potion            |       |     2 |       ||     2
 Armour: Scale mail        |    90 |   246 |    20 ||   356
  Dodge: Dodged            |    55 |   138 |     9 ||   202
  Block: Buckler           |    15 |    85 |     4 ||   104

Table legend: (Time is in decaauts)
 A = Elapsed time spent in this place.
 B = Non-inter-level travel time spent in this place.
 C = Inter-level travel time spent in this place.
 D = Time resting spent in this place.
 E = Time spent auto-exploring this place.
 F = Levels seen in this place.
 G = Mean time per level.
                   A        B        C        D        E       F      G
               +--------+--------+--------+--------+--------+-----+--------+
         Total |   2957 |   2898 |     59 |     51 |   1810 |   4 |  739.2 |
       Dungeon |   2957 |   2898 |     59 |     51 |   1810 |   4 |  739.2 |
               +--------+--------+--------+--------+--------+-----+--------+

Top non-repeatable levels by time:
     D:3: 950 daAuts
     D:2: 795 daAuts
     D:1: 740 daAuts
     D:4: 471 daAuts
